 Dungeon Crawl Stone Soup version 0.28-a0-723-g095bd1b44f (webtiles) character file.

Game seed: 15483481834533900852

21992 Tarus the Carver (level 12, -1/107 HPs)
             Began as a Hill Orc Berserker on Oct 26, 2021.
             Was a High Priest of Trog.
             Slain by a salamander (12 damage)
             ... on level 2 of the Snake Pit.
             The game lasted 02:06:05 (22744 turns).

Tarus the Carver (Hill Orc Berserker)              Turns: 22744, Time: 02:06:06

Health: -1/107     AC: 21    Str: 23    XL:     12   Next: 95%
Magic:  12/12      EV:  5    Int:  7    God:    Trog [*****.]
Gold:   804        SH: 16    Dex: 12    Spells: 11/11 levels left

rFire   . . .      SeeInvis .   g - +7 Singing Sword {vorpal, sonic wave}
rCold   + . .      Faith    .   X - +0 tower shield
rNeg    . . .      Spirit   .   Q - +2 plate armour
rPois   .          Reflect  .   L - +1 helmet
rElec   .          Harm     .   (no cloak)
rCorr   .          Rampage  .   (no gloves)
Will    +++..                   B - +0 pair of boots
Stlth   ..........              (no amulet)
HPRegen 1.27/turn               f - ring of willpower
MPRegen 0.13/turn               i - ring of protection from cold

@: strong-willed, regenerating
A: no striking features
a: Renounce Religion, Berserk, Trog's Hand, Brothers in Arms


You were on level 2 of the Snake Pit.
You worshipped Trog.
Trog was extremely pleased with you.
You visited 4 branches of the dungeon, and saw 17 of its levels.

You collected 882 gold pieces.
You spent 78 gold pieces at shops.

Inventory:

Hand Weapons
 d - a +3 short sword of venom
 g - the +7 Singing Sword (weapon) {vorpal, sonic wave}
   (You found it on level 5 of the Dungeon)

   It inflicts extra damage upon your enemies.
   It radiates damaging sonic waves as it strikes, especially in combat
   involving dangerous or numerous foes.
 s - a +2 falchion of freezing
 H - a +0 hunting sling of freezing
 I - a +4 spear of flaming
 O - the +8 whip "Snakebite" {venom, curare, rPois}
   (You found it on level 2 of the Lair of Beasts)

   It poisons the flesh of those it strikes.
   It occasionally inflicts asphyxiating poison on those it strikes, dealing
   poison damage and causing slowness.
   rPois:     It protects you from poison.
 Z - a +3 dagger of holy wrath
Missiles
 c - 315 stones (quivered)
 e - 297 arrows
 n - 3 throwing nets
 p - a silver boomerang
 r - 52 bolts
 w - 67 sling bullets
 A - 38 poisoned darts
 M - 6 datura-tipped darts
Armour
 j - a +2 scale mail of positive energy
 B - a +0 pair of boots (worn)
 G - a +0 hat of stealth
 J - a +0 ring mail of fire resistance
 L - a +1 helmet (worn)
 Q - a +2 plate armour (worn)
 X - a +0 tower shield (worn)
Jewellery
 f - a ring of willpower (left hand)
 i - a ring of protection from cold (right hand)
 m - a ring of fire
Wands
 a - a wand of charming (19)
 b - a wand of paralysis (8)
 h - a wand of iceblast (14)
 o - a wand of flame (6)
 u - a wand of acid (11)
 v - a wand of digging (3)
 E - a wand of mindburst (10)
 F - a wand of polymorph (4)
Scrolls
 k - 3 scrolls of magic mapping
 q - 2 scrolls of summoning
 x - 8 scrolls of identify
 y - 3 scrolls of fog
 D - 3 scrolls of fear
 K - 2 scrolls of enchant armour
 S - 10 scrolls of teleportation
Potions
 l - 2 potions of might
 t - a potion of magic
 z - a potion of flight
 N - a potion of heal wounds
 P - a potion of brilliance
 U - 2 potions of curing


   Skills:
 + Level 10.5 Fighting
 + Level 12.6 Long Blades
 + Level 7.4 Axes
 + Level 0.9(1.0) Slings
 + Level 0.2(0.6) Throwing
 + Level 11.9 Armour
 + Level 2.9 Dodging
 + Level 1.9 Stealth
 + Level 11.0 Shields


You had 11 spell levels left.
You didn't know any spells.
Your spell library contained the following spells:

 Spells                   Type           Power      Damage    Failure   Level
 Magic Dart               Conj           0%         1d3       100%        1
 Sting                    Tmut/Pois      0%         1d3       100%        1
 Call Imp                 Summ           0%         N/A       100%        2
 Poisonous Vapours        Pois/Air       0%         N/A       100%        2
 Ignite Poison            Fire/Tmut/Pois 0%         N/A       100%        3
 Mephitic Cloud           Conj/Pois/Air  0%         N/A       100%        3
 Olgreb's Toxic Radiance  Pois           0%         N/A       100%        4
 Petrify                  Tmut/Erth      0%         N/A       100%        4
 Fireball                 Conj/Fire      0%         3d3       100%        5
 Freezing Cloud           Conj/Ice/Air   0%         6-21      100%        5
 Iskenderun's Battlesphe  Conj           0%         2d6       100%        5
 Metabolic Englaciation   Hex/Ice        0%         N/A       100%        5
 Conjure Ball Lightning   Conj/Air       0%         3x3d6     100%        6
 Statue Form              Tmut/Erth      0%         N/A       100%        6
 Orb of Destruction       Conj           0%         N/A       100%        7


Dungeon Overview and Level Annotations

Branches:
Dungeon (12/15)            Temple (1/1) D:5            Lair (2/6) D:10
  Snake (1/4) Lair:2          Orc (0/2) D:9
  Swamp: Lair:2-4    Shoals: Lair:2-4

Altars:
Ashenzari
Cheibriados
Dithmenos
Elyvilon
Fedhas
Gozag
Hepliaklqana
Kikubaaqudgha
Makhleb
Okawaru
Qazlal
Ru
Sif Muna
Trog
Uskayaw
Vehumet
Wu Jian
Xom
Yredelemnul
Zin
The Shining One

Shops:
D:5 *   D:7 !:!   Snake:2 :


Message History

The salamander is moderately wounded.
The salamander hits you but does no damage.
You hit the salamander.
The salamander is moderately wounded.
You block the salamander's attack.
You slice the salamander!!
The Singing Sword practises its scales.
You send a blast of sound all around you.
The salamander is blasted.
The salamander is almost dead. x2
The salamander hits you but does no damage.
Space warps around you.
You barely miss the salamander.
The salamander is almost dead.
The salamander hits you but does no damage.
You blink.
You block the salamander's attack. You block the salamander's attack.
You hit the salamander.
The salamander is almost dead.
The salamander hits you but does no damage.
Space warps around you.
You closely miss the salamander.
The salamander is almost dead.
The salamander hits you with a +1 trident of distortion.
You are engulfed in flames!
Space warps horribly around you!
* * * LOW HITPOINT WARNING * * *
You barely miss the salamander.
The salamander is almost dead.
The salamander hits you with a +1 trident of distortion.
* * * LOW HITPOINT WARNING * * *
You are engulfed in flames!
* * * LOW HITPOINT WARNING * * *
Space warps around you.
* * * LOW HITPOINT WARNING * * *
You block the salamander's attack.
Your skin crawls.
You feel strong-willed.
The salamander hits you with a +1 trident of distortion!
You die...

.######
.......##
........##
.........##
.........?#
#.........##
⌠.⌠........#
.∩.....N(..##
⌠.⌠...#@....#
............#
##.#.##...###
..... #####
.##. ..


You could see a salamander.

Vanquished Creatures
  Gastronok (D:8)
  A naga warrior (Snake:1)
  A catoblepas (Lair:2)
  Erica (D:8)
  A two-headed ogre (D:10)
  A shock serpent (Snake:1)
  A mana viper (Snake:1)
  An ugly thing (D:9)
  A salamander (Snake:1)
  7 black mambas
  Maurice (D:8)
  2 cane toads (Lair:2)
  A kobold demonologist (D:10)
  2 komodo dragons
  3 trolls (D:9)
  2 wraiths
  Sigmund (D:7)
  A wyvern (D:7)
  17 yaks
  A basilisk (Lair:2)
  2 wargs (D:10)
  3 steam dragons (D:8)
  5 nagas
  10 water moccasins
  6 orc warriors
  3 ice beasts
  A black bear (D:4)
  A sky beast (D:6)
  A necrophage (D:4)
  3 wolves (Lair:2)
  2 ogres (D:9)
  7 centaurs
  A phantom (D:6)
  3 kobold brigands (D:9)
  A wyvern zombie (D:6)
  8 scorpions
  11 bullfrogs
  6 gnoll sergeants
  2 water moccasin skeletons (D:4)
  7 wights (D:7)
  3 electric eels
  3 howler monkeys (D:9)
  5 crimson imps (D:8)
  3 centaur zombies
  5 orc priests
  2 hounds
  A gnoll shaman (D:4)
  A bullfrog skeleton (D:4)
  3 iguanas (D:5)
  8 orc wizards
  A hound skeleton (D:5)
  Robin (D:2)
  16 gnolls
  15 adders
  3 shadow imps
  2 white imps (D:8)
  An adder skeleton (D:4)
  3 worms
  3 dart slugs
  30 orcs
  6 ball pythons
  9 endoplasms
  4 giant cockroaches
  15 goblins
  12 hobgoblins
  19 kobolds
  4 quokkas
  11 bats
  A frilled lizard (D:2)
  4 rats
  4 bushes
328 creatures vanquished.

Vanquished Creatures (collateral kills)
  A two-headed ogre (D:9)
  4 yaks (D:9)
  4 kobolds (D:9)
9 creatures vanquished.

Vanquished Creatures (others)
  42 fungi
  117 plants
159 creatures vanquished.

Grand Total: 496 creatures vanquished

Notes
Turn   | Place    | Note
-------+----------+-------------------------------------------
     0 | D:1      | Tarus the Hill Orc Berserker began the quest for the Orb.
     0 | D:1      | Reached XP level 1. HP: 19/19 MP: 1/1
   562 | D:1      | Reached XP level 2. HP: 26/27 MP: 2/2
   575 | D:1      | Found Jenalej's General Store.
  2059 | D:2      | Reached XP level 3. HP: 19/33 MP: 3/3
  2340 | D:2      | Found a faded altar of an unknown god.
  2429 | D:2      | Reached skill level 4 in Long Blades
  2451 | D:2      | Reached ** piety under Trog
  2709 | D:2      | Reached XP level 4. HP: 31/41 MP: 4/4
  2755 | D:2      | Noticed Robin
  2794 | D:2      | Killed Robin
  3401 | D:2      | Reached skill level 1 in Stealth
  3639 | D:3      | Reached XP level 5. HP: 40/47 MP: 5/5
  4959 | D:4      | Reached skill level 5 in Long Blades
  4963 | D:4      | Reached XP level 6. HP: 48/55 MP: 6/6
  5410 | D:4      | Reached skill level 5 in Fighting
  5444 | D:4      | Found a snail-covered altar of Cheibriados.
  5742 | D:4      | Identified the +4 war axe of Trauma {vorpal, *Slow rPois
                  | rN+}
  5749 | D:4      | Reached *** piety under Trog
  5785 | D:4      | Reached skill level 1 in Shields
  5960 | D:4      | Noticed a black bear
  5975 | D:4      | Killed a black bear
  5976 | D:4      | Reached skill level 1 in Axes
  5978 | D:4      | Reached XP level 7. HP: 61/61 MP: 7/7
  6116 | D:4      | Found a shimmering blue altar of Sif Muna.
  6630 | D:5      | Entered Level 5 of the Dungeon
  6630 | D:5      | Found a staircase to the Ecumenical Temple.
  6705 | Temple   | Entered the Ecumenical Temple
  7791 | D:4      | Reached skill level 5 in Armour
  7955 | D:5      | Reached XP level 8. HP: 69/69 MP: 8/8
  7972 | D:5      | Found Rasadel's Overcharged Wands.
  8149 | D:5      | Reached skill level 5 in Axes
  9072 | D:5      | Found the +7 Singing Sword {vorpal, sonic wave}
  9156 | D:5      | Reached **** piety under Trog
  9653 | D:6      | Identified a scroll of acquirement
  9653 | D:6      | Acquired a +2 scale mail of positive energy
  9671 | D:6      | Reached skill level 5 in Shields
  9671 | D:6      | Reached XP level 9. HP: 75/75 MP: 9/9
 10214 | D:7      | Found Rusch's Distillery.
 10226 | D:7      | Reached skill level 6 in Long Blades
 10232 | D:7      | Bought a potion of curing for 39 gold pieces
 10232 | D:7      | Bought a potion of curing for 39 gold pieces
 10511 | D:7      | Found Congata's Distillery.
 10545 | D:7      | Found an ancient bone altar of Kikubaaqudgha.
 10548 | D:7      | Found a hide-covered altar of Uskayaw.
 10719 | D:7      | Reached skill level 7 in Long Blades
 10949 | D:7      | Found a sacrificial altar of Ru.
 11350 | D:7      | Found Tejo Met's Book Boutique.
 11593 | D:7      | Noticed Sigmund
 11643 | D:7      | Killed Sigmund
 12396 | D:6      | You fall into a shaft and drop 2 floors!
 12396 | D:8      | Noticed Erica
 12398 | D:8      | Noticed Maurice
 12423 | D:8      | Killed Erica
 12424 | D:8      | Reached skill level 8 in Long Blades
 12424 | D:8      | Reached XP level 10. HP: 83/86 MP: 10/10
 12427 | D:8      | Killed Maurice
 14371 | D:8      | Noticed Gastronok
 14400 | D:8      | Killed Gastronok
 14401 | D:8      | Reached skill level 9 in Long Blades
 15624 | D:8      | Reached ***** piety under Trog
 15625 | D:8      | Reached XP level 11. HP: 94/94 MP: 11/11
 15651 | D:9      | Noticed a red ugly thing
 15662 | D:9      | Killed a red ugly thing
 15663 | D:9      | Reached skill level 10 in Long Blades
 15672 | D:9      | Noticed a two-headed ogre
 15688 | D:9      | Killed a two-headed ogre
 16582 | D:9      | Found a staircase to the Orcish Mines.
 16599 | D:9      | Reached skill level 10 in Armour
 17170 | D:10     | Entered Level 10 of the Dungeon
 17613 | D:10     | Noticed a two-headed ogre
 17616 | D:10     | Reached skill level 11 in Long Blades
 17620 | D:10     | Found a staircase to the Lair.
 17625 | D:10     | Killed a two-headed ogre
 18129 | Lair:1   | Entered Level 1 of the Lair of Beasts
 18144 | Lair:1   | Reached XP level 12. HP: 104/104 MP: 12/12
 18702 | Lair:1   | Reached skill level 10 in Shields
 18720 | Lair:1   | HP: 3/106 [electric eel/bolt of electricity (12)]
 18722 | Lair:1   | HP: 1/106 [electric eel/bolt of electricity (4)]
 20419 | Lair:2   | Reached skill level 12 in Long Blades
 20744 | Lair:2   | Noticed a catoblepas
 20757 | Lair:2   | Killed a catoblepas
 21160 | Lair:2   | Found a staircase to the Snake Pit.
 21332 | Lair:2   | Reached skill level 10 in Fighting
 21764 | Lair:2   | Found the +8 whip "Snakebite" {venom, curare, rPois}
 21930 | Snake:1  | Entered Level 1 of the Snake Pit
 22316 | Snake:1  | Noticed a naga warrior
 22328 | Snake:1  | Killed a naga warrior
 22369 | Snake:1  | Noticed a shock serpent
 22380 | Snake:1  | Killed a shock serpent
 22726 | Snake:1  | You fall into a shaft and drop 1 floor!
 22726 | Snake:2  | Found Vuugi's Book Shop.
 22744 | Snake:2  | Slain by a salamander

Illustrated notes

Levels and vault maps discovered:
D:1:      dpeg_arrival_rooms_b, layout_loops_corners, serial_shops, shop,
          serial_park_tiny_pond, minivault_4
D:2:      layout_loops_cross, hellmonk_ecumenical_altar_slurped_away, uniq_robin
D:3:      corexii_shack_village, layout_basic
D:4:      minmay_bubble_buster, layout_basic, tgw_sif, kennysheep_slug_shrine,
          skrybe_limestone_x, kennysheep_small_spiral, hangedman_decor_push
D:5:      old_forge, layout_loops_ring, minmay_temple_entry_large_hall,
          minmay_misc_feat_pillars, serial_bayou_pond_c, st_stairs_5,
          nicolae_shop_overcharged_wands
D:6:      cheibrodos_helix_gallery, layout_loops_ring
D:7:      layout_loops_cross, nicolae_ru_sacrificial_ziggurat,
          nicolae_overflow_hidden_temple, serial_shops,
          nicolae_shop_behind_doors, nicolae_stop_n_shop_1, shop_fountains,
          sigmund_army
D:8:      layout_cave_pods, minmay_nine_imps, uniq_erica, uniq_maurice,
          uniq_gastronok
D:9:      layout_layer_cave, kennysheep_orc_monster_closet_entryway,
          serial_bayou_pond_b
D:10:     layout_layer_cave, nemelex_spade_bored_becter,
          erik_lair_orcish_takeover
D:11:     layout_rooms, gammafunk_ghost_nasty_kobolds,
          nicolae_hepliaklqana_hippocampus, uniq_erolcha
D:12:     layout_roguey, gauntlet_entry_generic, special_room [special_room_bee]
Temple:   eino_temple_scatter_basement
Lair:1:   layout_loops_ring, serial_bayou_lake_a, grunt_megastairs_2,
          infiniplex_staircase_pool
Lair:2:   minmay_guarded_unrand_snakebite, layout_gridlike,
          minmay_snake_entry_guardpost_small, infiniplex_staircase_pool_2
Snake:1:  layout_grid_maze, uniq_aizul, uniq_kirke, uniq_josephine
Snake:2:  layout_onion_interference, serial_shops, shop_fountains, uniq_louise

Skill      XL: |  1  2  3  4  5  6  7  8  9 10 11 12 |
---------------+-------------------------------------+-----
Fighting       | 4 5 6 7 8 9 10 | 10.5
Long Blades    | 4 5 8 9 11 12 | 12.6
Dodging        | 2 |  2.9
Stealth        | 1 |  1.9
Armour         | 3 4 5 7 9 10 11 | 11.9
Shields        | 1 3 5 6 7 9 11 | 11.0
Axes           | 1 3 7 |  7.4
Slings         | |  0.9
Throwing       | |  0.2

Action                   |  1- 3 |  4- 6 |  7- 9 | 10-12 || total
-------------------------+-------+-------+-------+-------++-------
Melee: Falchion          |   119 |   187 |       |       ||   306
       War axe           |       |    26 |   190 |       ||   216
       Double sword      |       |       |    83 |   524 ||   607
 Fire: Hunting sling     |       |       |    10 |       ||    10
Throw: Stone             |       |       |     5 |       ||     5
Invok: Berserk           |     1 |     3 |     6 |    14 ||    24
       Trog's Hand       |       |       |     1 |     8 ||     9
       Brothers in Arms  |       |       |       |     2 ||     2
  Use: Potion            |     3 |     3 |     6 |     3 ||    15
       Scroll            |     2 |     4 |     6 |     4 ||    16
 Stab: Distracted        |       |     1 |       |       ||     1
Armor: Animal skin       |    17 |       |       |       ||    17
       Leather armour    |    14 |    24 |       |       ||    38
       Plate armour      |       |   107 |   242 |   239 ||   588
Dodge: Dodged            |   122 |    65 |    33 |    53 ||   273
Block: Tower shield      |       |    63 |   220 |   358 ||   641

Table legend: (Time is in decaauts)
 A = Elapsed time spent in this place.
 B = Non-inter-level travel time spent in this place.
 C = Inter-level travel time spent in this place.
 D = Time resting spent in this place.
 E = Time spent auto-exploring this place.
 F = Levels seen in this place.
 G = Mean time per level.
                   A        B        C        D        E       F      G
               +--------+--------+--------+--------+--------+-----+--------+
         Total |  23456 |  23456 |      0 |   7015 |     96 |  17 | 1379.8 |
       Dungeon |  18392 |  18392 |      0 |   5002 |     96 |  12 | 1532.7 |
        Temple |    242 |    242 |      0 |      0 |      0 |   1 |  242.0 |
          Lair |   3980 |   3980 |      0 |   1638 |      0 |   2 | 1990.0 |
     Snake Pit |    840 |    840 |      0 |    374 |      0 |   2 |  420.0 |
               +--------+--------+--------+--------+--------+-----+--------+

Top non-repeatable levels by time:
     D:4: 2775 daAuts
     D:8: 2760 daAuts
     D:7: 2144 daAuts
  Lair:1: 2123 daAuts
     D:1: 2061 daAuts
  Lair:2: 1857 daAuts
     D:5: 1742 daAuts
     D:9: 1568 daAuts
     D:2: 1551 daAuts
     D:6: 1427 daAuts
     D:3: 1381 daAuts
 Snake:1: 821 daAuts
    D:10: 677 daAuts
    D:11: 301 daAuts
  Temple: 242 daAuts
